 Dungeon Crawl Stone Soup version 0.30.0-19-g36f170ea60 (webtiles) character file.

Game seed: 13892202506718819544

342 Randomaniac the Changer (level 6, -7/47 HPs)
             Began as a Merfolk Transmuter on May 31, 2023.
             Was a Believer of Nemelex Xobeh.
             Mangled by an ice beast (11 damage)
             ... on level 4 of the Dungeon on June 1, 2023.
             The game lasted 00:21:21 (4209 turns).

Randomaniac the Changer (Merfolk Transmuter)        Turns: 4209, Time: 00:21:22

Health: -7/47      AC:  2    Str: 11    XL:     6   Next: 57%
Magic:  3/10       EV: 11    Int: 18    God:    Nemelex Xobeh [**....]
Gold:   38         SH:  9    Dex: 16    Spells: 5/11 levels left

rFire   . . .        u - +1 trident
rCold   . . .        h - +1 kite shield
rNeg    . . .        a - +0 robe
rPois   .            m - melded +1 helmet
rElec   .            (no cloak)
rCorr   .            (no gloves)
SInv    .            l - melded +0 pair of boots
Will    .....        (no amulet)
Stlth   +            p - +6 ring of intelligence
HPRegen 0.27/turn    e - +4 ring of slaying
MPRegen 0.12/turn

%: no passive effects
@: appendages, very slightly contaminated
A: horns 2, (nimble swimmer 2), mertail
a: End Transformation, Renounce Religion, Draw Escape, Draw Destruction, Draw
Summoning


You were on level 4 of the Dungeon.
You worshipped Nemelex Xobeh.
Nemelex Xobeh was pleased with you.
You had temporarily grown beastly horns.
You visited 1 branch of the dungeon, and saw 4 of its levels.
You also visited: Sewer.

You collected 164 gold pieces.
You spent 126 gold pieces at shops.

Inventory:

Hand Weapons
 u - a +1 trident (weapon)
Missiles
 d - 12 stones
Armour
 a - a +0 robe (worn)
 h - a +1 kite shield (worn)
 j - a +0 buckler
 l - a +0 pair of boots (melded)
 m - a +1 helmet (melded)
 s - a +0 helmet
Jewellery
 e - a +4 ring of slaying (right hand)
 p - a +6 ring of intelligence (left hand)
 r - a ring of positive energy
Scrolls
 c - 2 scrolls of enchant weapon
 i - 3 scrolls of teleportation
 q - a scroll of poison
 t - 3 scrolls of magic mapping
Potions
 b - 2 potions of lignification
 f - 4 potions of curing
 g - a potion of heal wounds
 k - a potion of mutation {unknown}
 n - 4 potions of brilliance
 o - a potion of might
 v - a potion of flight {unknown}
 w - a potion of degeneration {unknown}


   Skills:
 + Level 3.1 Fighting
 + Level 4.6 Dodging
 - Level 1.0 Shields
 - Level 3.3 Unarmed Combat
 + Level 3.1 Spellcasting
 * Level 5.3 Transmutations
 + Level 1.4 Invocations


You had 5 spell levels left.
You knew the following spells:

 Your Spells              Type           Power      Damage    Failure   Level
a - Beastly Appendage     Tmut           44%        N/A       9%          1
b - Spider Form           Tmut/Pois      12%        N/A       58%         3
c - Wereblood             Tmut           22%        N/A       13%         2

Your spell library contained the following spells:

 Spells                   Type           Power      Damage    Failure   Level
 Kiss of Death            Conj/Necr      8%         2d6       58%         1
 Confusing Touch          Hex            2%         N/A       92%         3
 Summon Guardian Golem    Hex/Summ       2%         N/A       92%         3
 Ice Form                 Ice/Tmut       12%        N/A       94%         4
 Dispel Undead            Necr           2%         3d7       100%        4
 Orb of Destruction       Conj           1%         9d5       100%        7
 Spellforged Servitor     Conj/Summ      1%         N/A       100%        7


Dungeon Overview and Level Annotations

Branches:
Dungeon (4/15)              Sewer (visited)
 Temple: D:4-7

Altars:
Nemelex Xobeh
Trog
Vehumet

Shops:
D:3 [(=?


Innate Abilities, Weirdness & Mutations

You have temporarily grown beastly horns.
((You are very nimble when in or above water. (Stealth+, EV+, Speed+++)))
Your lower body shifts to a powerful aquatic tail in water.


Message History

You feel sick. The ice beast hits you. The ice beast freezes you.
You block the ice beast's attack.
You feel better. You block the ice beast's attack.
Casting: Spider Form (quite dangerous; 58% risk of failure)
Confirm with . or Enter, or press ? or * to list all spells.
You miscast Beastly Appendage.
Nothing appears to happen.
You block the ice beast's attack.
Casting: Beastly Appendage (safe; 9% risk of failure)
Confirm with . or Enter, or press ? or * to list all spells.
You grow a pair of large bovine horns.
Your +1 helmet melds into your body.
Your +0 pair of boots melds into your body.
The ice beast misses you.
Reach: u) +1 trident
Press: ? - help, Dir - move target, f/p - ice beast
Aim: an ice beast (heavily wounded, about 35% to evade your +1 trident)
You hit the ice beast. Your headbutt misses the ice beast.
The ice beast is severely wounded.
The ice beast hits you. The ice beast freezes you!
A ball python comes into view.
You block the ice beast's attack.
Reach: u) +1 trident
Press: ? - help, Dir - move target, f/p - ice beast
Aim: an ice beast (severely wounded, about 35% to evade your +1 trident)
You closely miss the ice beast. Your headbutt misses the ice beast.
The ice beast is severely wounded.
The ice beast hits you.
* * * LOW HITPOINT WARNING * * *
The ice beast freezes you!
* * * LOW HITPOINT WARNING * * *
Reach: u) +1 trident
Press: ? - help, Dir - move target, f/p - ice beast
Aim: an ice beast (severely wounded, about 35% to evade your +1 trident)
Okay, then.
Things that are here:
a +0 dagger; a potion of curing; a goblin corpse The ice beast attacks as you move away!
The ice beast hits you.
* * * LOW HITPOINT WARNING * * *
The ice beast freezes you!
You die...
Your body glows slightly and disappears.

..############
..............
..#####.###### ...
#.# # #.# ###.#
##.. ## #...# ###
#######.# .# #.###
#.. #.....Y.# .#
#.# #.#
...S...##@###.# #.#
#
.......###...####.#
...~..............#
......########.#..#
~~.... #.#..#
~~.... #.#..#
...... #.#...
..##.## #.##.#


You could see an ice beast.

Vanquished Creatures
  A hound (D:3)
  Ijyb (D:4)
  An orc wizard (D:3)
  5 adders
  3 river rats (Sewer)
  2 worms
  3 dart slugs
  4 orcs
  6 bats
  8 endoplasms
  5 giant cockroaches
  6 hobgoblins
  2 jackals (D:3)
  6 quokkas
  5 ball pythons
  6 frilled lizards
  6 goblins
  7 kobolds
  12 rats
89 creatures vanquished.

Vanquished Creatures (collateral kills)
  A gnoll sergeant (D:4)
  3 gnolls (D:4)
  A goblin (D:4)
  A hobgoblin (D:4)
6 creatures vanquished.

Grand Total: 95 creatures vanquished

Notes
Turn   | Place    | Note
-------+----------+-------------------------------------------
     0 | D:1      | Randomaniac the Merfolk Transmuter began the quest for the
                  | Orb.
     0 | D:1      | Reached XP level 1. HP: 15/15 MP: 3/3
   157 | D:1      | Reached skill level 3 in Transmutations
   157 | D:1      | Reached XP level 2. HP: 19/21 MP: 5/5
   357 | D:1      | Found a faded altar of an unknown god.
   648 | D:1      | Reached XP level 3. HP: 24/27 MP: 6/6
   681 | D:1      | Prayed at the altar of an unknown god.
   681 | D:1      | Became a worshipper of Nemelex Xobeh the Trickster
   681 | D:1      | Reached * piety under Nemelex Xobeh
   863 | D:2      | Received a gift from Nemelex Xobeh
   880 | D:2      | Learned a level 3 spell: Spider Form
   883 | D:2      | Learned a level 2 spell: Wereblood
  1804 | D:2      | Reached XP level 4. HP: 15/33 MP: 4/7
  2262 | D:3      | Found Reeddoim's Armour Shoppe.
  2532 | D:3      | Reached ** piety under Nemelex Xobeh
  2585 | D:3      | Found Esaoq's Weapon Emporium.
  2595 | D:3      | Found Jogat's Jewellery Emporium.
  2629 | D:3      | Reached skill level 1 in Shields
  2872 | D:3      | Reached skill level 4 in Transmutations
  2872 | D:3      | Reached XP level 5. HP: 27/39 MP: 6/9
  2921 | D:3      | Found a large runed translucent door.
  2922 | D:3      | Found a large runed translucent door.
  2983 | D:3      | Found Saoh's Magic Scroll Boutique.
  2991 | D:3      | Bought a scroll of teleportation for 42 gold pieces
  2991 | D:3      | Bought a scroll of identify for 28 gold pieces
  2991 | D:3      | Bought a scroll of identify for 28 gold pieces
  2991 | D:3      | Bought a scroll of identify for 28 gold pieces
  3435 | D:3      | Found a radiant altar of Vehumet.
  3441 | D:3      | Found a bloodstained altar of Trog.
  3507 | D:4      | Noticed Ijyb
  3512 | D:4      | Killed Ijyb
  3594 | D:4      | Found a glowing drain.
  3613 | D:4      | Reached skill level 1 in Invocations
  3613 | D:4      | Reached XP level 6. HP: 21/46 MP: 8/10
  3628 | D:4      | Reached skill level 5 in Transmutations
  3634 | Sewer    | Entered a sewer
  4191 | D:4      | Noticed an ice beast
  4209 | D:4      | Mangled by an ice beast

Illustrated notes

Levels and vault maps discovered:
D:1:      lightli_arrival_maybe_door_vault, layout_basic,
          dreamdust_ecumenical_altar_angels_and_demons
D:2:      layout_basic
D:3:      minmay_door_path, layout_loops_ring, jmf_multi_god_temple2,
          serial_shops, shop, nicolae_shop_peninsula, shop, shop,
          kennysheep_small_spiral, item_on_display_b
D:4:      layout_loops_ring, cheibrodos_sewer_entry_drain, skrybe_limestone_x,
          minmay_misc_feat_doors, hangedman_decor_slide_cut,
          hangedman_decor_opposing, uniq_ijyb

Skill      XL: |  1  2  3  4  5  6 |
---------------+-------------------+-----
Transmutations | 3 4 5 |  5.3
Dodging        | 3 4 |  4.6
Fighting       | 2 3 |  3.1
Shields        | 1 |  1.0
Spellcasting   | 3 |  3.1
Invocations    | 1 |  1.4
Unarmed Combat | |  3.3

Action                     |  1- 3 |  4- 6 || total
---------------------------+-------+-------++-------
  Melee: Whip              |    22 |       ||    22
         Staff             |   139 |    48 ||   187
         Punch             |     2 |       ||     2
         Unarmed           |     6 |     6 ||    12
         Headbutt          |     5 |    13 ||    18
         Trident           |       |    82 ||    82
         Tailslap          |       |     2 ||     2
   Cast: Beastly Appendage |    11 |    15 ||    26
         Wereblood         |     6 |     6 ||    12
         Spider Form       |     1 |     4 ||     5
 Invoke: Draw Destruction  |       |     6 ||     6
         Draw Summoning    |       |     1 ||     1
    Use: Scroll            |       |    14 ||    14
         Potion            |       |     2 ||     2
   Stab: Sleeping          |     1 |     4 ||     5
 Armour: Robe              |    29 |    15 ||    44
         Skin              |       |     2 ||     2
  Dodge: Dodged            |   115 |    68 ||   183
  Block: Buckler           |    13 |    11 ||    24
         Kite shield       |       |    26 ||    26
